 Dungeon Crawl Stone Soup version 0.17.0-28-g6e173f8 (webtiles) character file.

1036 septik the Magician (level 8, 0/41 HPs)
             Began as a Deep Elf Fire Elementalist on Nov 22, 2015.
             Was a Follower of Vehumet.
             Slain by a giant frog (2 damage)
             ... on level 5 of the Dungeon.
             The game lasted 00:13:59 (4957 turns).

septik the Magician (Deep Elf Fire Elementalist)    Turns: 4957, Time: 00:13:59

Health: 0/41       AC:  7    Str:  9    XL:     8   Next: 3%
Magic:  15/20      EV: 13    Int: 23    God:    Vehumet [*.....]
Gold:   338        SH:  0    Dex: 15    Spells: 5 memorised, 7 levels left

rFire  . . .     SeeInvis .     H - +0 trident (venom)
rCold  . . .     Clarity  .     E - +1 robe of Forking Paths {rPois Str+4} (curse)
rNeg   . . .     SustAt   .     (no shield)
rPois  +         Gourm    .     (no helmet)
rElec  .         Spirit   .     n - +2 cloak
rCorr  .         Warding  .     K - +0 pair of gloves (curse)
rMut   .         Stasis   .     (no boots)
MR     +....                    (no amulet)
Stlth  ++........               u - ring of protection from magic
                                d - ring of poison resistance

@: somewhat resistant to hostile enchantments, unstealthy
A: no striking features
a: Renounce Religion


You were on level 5 of the Dungeon.
You worshipped Vehumet.
Vehumet was aware of your devotion.
You were not hungry.

You visited 2 branches of the dungeon, and saw 7 of its levels.

You collected 338 gold pieces.

Inventory:

Hand Weapons
 t - a +0 club
 y - a +0 spear
 H - a +0 trident of venom (weapon)
Missiles
 f - 106 stones (quivered)
Armour
 a - a +0 robe
 i - a +2 pair of gloves
 n - a +2 cloak (worn)
 B - a cursed -2 leather armour
 E - the cursed +1 robe of Forking Paths (worn) {rPois Str+4}
   (You found it on level 4 of the Dungeon)

   It affects your strength (+4).
   It protects you from poison.
   It has a curse placed upon it.
 K - a cursed +0 pair of gloves (worn)
Jewellery
 d - a ring of poison resistance (left hand)
 u - a ring of protection from magic (right hand)
 I - an uncursed ring of see invisible {unknown}
Scrolls
 e - 2 scrolls of recharging {unknown}
 g - 7 scrolls of teleportation {unknown}
 h - a scroll of immolation {unknown}
 l - 7 scrolls of identify {unknown}
 o - 2 scrolls of enchant armour {unknown}
 p - 2 scrolls of fog {unknown}
 r - 2 scrolls of fear {unknown}
 F - a scroll of noise {unknown}
 J - 3 scrolls of remove curse {unknown}
 M - a scroll of enchant weapon {unknown}
Potions
 j - a potion of lignification {unknown}
 m - a potion of degeneration {unknown}
 s - a potion of curing {unknown}
 v - 2 potions of mutation {unknown}
 w - a potion of flight {unknown}
 x - a potion of brilliance {unknown}
 z - a potion of berserk rage {unknown}
 A - a potion of agility {unknown}
 C - a potion of ambrosia {unknown}
 G - 2 potions of haste {unknown}
Books
 b - a book of Flames

   Spells                             Type                      Level
   a - Flame Tongue                   Conjuration/Fire             1
   b - Throw Flame                    Conjuration/Fire             2
   c - Conjure Flame                  Conjuration/Fire             3
   d - Inner Flame                    Hexes/Fire                   3
   e - Sticky Flame                   Conjuration/Fire             4
   f - Fireball                       Conjuration/Fire             5
Comestibles
 c - 7 bread rations
 k - 5 meat rations
 q - 2 beef jerkies
 D - 5 fruits
 L - 7 chunks of flesh


   Skills:
 + Level 0.1 Fighting
 + Level 0.2 Armour
 + Level 2.4 Dodging
 - Level 2.4 Stealth
 + Level 7.2 Spellcasting
 * Level 6.4 Conjurations
 + Level 6.4 Fire Magic
 + Level 0.2 Air Magic


You had 7 spell levels left.
You knew the following spells:

 Your Spells              Type           Power        Failure   Level  Hunger
a - Flame Tongue          Conj/Fire      #####        1%          1    None
b - Conjure Flame         Conj/Fire      #####...     1%          3    None
c - Sticky Flame          Conj/Fire      #####...     8%          4    ###....
d - Fireball              Conj/Fire      #####.....   17%         5    #####..
e - Shock                 Conj/Air       ###.         1%          1    None


Dungeon Overview and Level Annotations

Branches:
Dungeon (6/15)             Temple (1/1) D:4

Altars:
Ashenzari
Cheibriados
Dithmenos
Elyvilon
Fedhas
Gozag
Kikubaaqudgha
Makhleb
Nemelex Xobeh
Okawaru
Qazlal
Ru
Sif Muna
Trog
Vehumet
Xom
Yredelemnul
Zin
The Shining One

Annotations:
D:1 exclusions: gnoll and kobold
D:5 exclusion: 2 downstairs
D:6 exclusions: ogre and player ghost, MDvedh's ghost, novice MiVM


Message History

The giant frog is lightly wounded.
The giant frog is covered in liquid flames!
The giant frog burns!
The giant frog closely misses you.
The phantom blinks!
You barely miss the giant frog.
The giant frog is moderately wounded.
The giant frog burns!
The giant frog hits you.
* * * LOW HITPOINT WARNING * * *
The phantom blinks!
The giant frog misses you.
The giant frog burns!
The giant frog hits you!
* * * LOW HITPOINT WARNING * * *
You climb upwards.
Level annotation: exclusion: 2 downstairs
There is a stone staircase leading down here.
The giant frog burns!
The giant frog barely misses you.
Things that are here:
a robe; a dagger The giant frog burns!
Some of the chunks of flesh in your inventory have rotted away.
The giant frog burns!
The giant frog hits you.
You die...

###.........# #.# #.#..P#
.....######.# #.# ##P#.... ####.#
#.# #.# #...P≈≈≈ #.# ##.## #.#
#..P≈≈≈≈ #.# ##...###.# #.≈≈≈≈.≈
#.# ##.###.##># #.#≈≈≈#≈ #.# #.##
##.#[# #####.### #.# #.# #.#F#
#..#...#. #.# #.## ##.#@#
#.......( #.# ##.###.##.#
##........ #.#####...###.###
#......... #....###.##
#...#####......... # ####.###.#
##...##(....#...#.
######.).##.####.....#.######.###
.....(.................# #.#≈≈≈#≈
.#####...##.####.....### #..≈≈≈.≈
.# ##.###.# ##...######≈≈≈≈≈≈≈


You could see a giant frog (burning).

Vanquished Creatures
  An ogre (D:5)
  A giant frog (D:6)
  A scorpion (D:4)
  4 crimson imps
  A quasit (D:5)
  2 hounds (D:4)
  2 centaur skeletons
  6 orc wizards
  6 worker ants
  9 adders
  3 gnolls (D:3)
  2 oozes (D:1)
  2 adder zombies (D:5)
  5 worms (D:2)
  3 giant geckos
  13 orcs
  A ball python (D:5)
  7 bats
  5 giant cockroaches
  9 goblins
  7 hobgoblins
  13 jackals
  9 kobolds
  2 quokkas
  4 giant newts
  A jackal skeleton (D:5)
  6 rats
125 creatures vanquished.

Notes
Turn   | Place    | Note
--------------------------------------------------------------
     0 | D:1      | septik the Deep Elf Fire Elementalist began the quest for the Orb.
     0 | D:1      | Reached XP level 1. HP: 10/10 MP: 6/6
   109 | D:1      | Reached XP level 2. HP: 13/15 MP: 4/8
   346 | D:1      | Reached XP level 3. HP: 19/19 MP: 7/10
   710 | D:2      | Learned a level 3 spell: Conjure Flame
   716 | D:2      | Reached skill level 4 in Fire Magic
   947 | D:2      | Reached XP level 4. HP: 15/24 MP: 2/12
  1830 | D:3      | Reached XP level 5. HP: 28/28 MP: 5/14
  1834 | D:3      | Reached skill level 5 in Spellcasting
  2634 | D:4      | Reached skill level 5 in Fire Magic
  2667 | D:4      | Got a crude robe
  2678 | D:4      | Identified the cursed +1 robe of Forking Paths {rPois Str+4} (You found it on level 4 of the Dungeon)
  2732 | D:4      | Reached XP level 6. HP: 18/32 MP: 7/16
  2946 | D:4      | Found a staircase to the Ecumenical Temple.
  2955 | Temple   | Entered the Ecumenical Temple
  3039 | Temple   | Became a worshipper of Vehumet
  3132 | D:4      | Reached skill level 6 in Spellcasting
  3258 | D:4      | Learned a level 4 spell: Sticky Flame
  3264 | D:4      | Learned a level 5 spell: Fireball
  3599 | D:5      | Entered Level 5 of the Dungeon
  3603 | D:5      | Reached skill level 5 in Conjurations
  3603 | D:5      | Reached XP level 7. HP: 36/36 MP: 13/18
  3951 | D:5      | Found a shimmering altar of Xom.
  4319 | D:5      | Reached * piety under Vehumet
  4319 | D:5      | Offered knowledge of Shock by Vehumet.
  4324 | D:5      | Learned a level 1 spell: Shock
  4559 | D:6      | Noticed MDvedh's ghost (novice MiVM)
  4780 | D:6      | Reached skill level 7 in Spellcasting
  4944 | D:6      | Reached XP level 8. HP: 34/41 MP: 20/20
  4953 | D:6      | HP: 2/41 [giant frog (9)]
  4957 | D:5      | Slain by a giant frog

Action                   |  1- 3 |  4- 6 |  7- 9 || total
-------------------------+-------+-------+-------++-------
Melee: Club              |       |     3 |       ||     3
       Spear             |       |     6 |       ||     6
       Trident           |       |       |    84 ||    84
 Cast: Flame Tongue      |    63 |   143 |    65 ||   271
       Conjure Flame     |       |     1 |       ||     1
       Sticky Flame      |       |       |     4 ||     4
  Eat: Chunk             |       |     8 |     5 ||    13
